 Dungeon Crawl Stone Soup version 0.30.0-29-ga12c61a403 (webtiles) character file.

Game seed: 14807469662146132671

277 Fodor the Covered (level 6, -2/53 HPs)
             Began as a Minotaur Fighter on June 11, 2023.
             Slain by a gnoll
             ... wielding a +0 spear
              (4 damage)
             ... on level 4 of the Dungeon.
             The game lasted 00:14:58 (2423 turns).

Fodor the Covered (Minotaur Fighter)                Turns: 2423, Time: 00:14:59

Health: -2/53      AC:  8    Str: 20 (21) XL:     6   Next: 4%
Magic:  0/5        EV: 10    Int:  4 (5)  God:
Gold:   63         SH:  4    Dex:  9 (11) Spells: 5/5 levels left

rFire   . . .        i - +4 whip (venom)
rCold   . . .        c - +0 buckler
rNeg    . . .        b - +0 scale mail
rPois   .            (helmet restricted)
rElec   .            (no cloak)
rCorr   .            p - +0 pair of gloves
SInv    .            (no boots)
Will    .....        o - amulet of guardian spirit Stlth
                     (no ring)
HPRegen 0.28/turn    (no ring)
MPRegen 0.09/turn

%: guardian spirit
@: mighty
A: horns 2, retaliatory headbutt
a: no special abilities


You were on level 4 of the Dungeon.
You visited 1 branch of the dungeon, and saw 4 of its levels.

You collected 123 gold pieces.
You spent 60 gold pieces at shops.

Inventory:

Hand Weapons
 a - a +0 long sword
 i - a +4 whip of venom (weapon)
 r - a +3 flail
 s - a +5 short sword of freezing
Missiles
 e - 24 stones (quivered)
 k - 2 poisoned darts
Armour
 b - a +0 scale mail (worn)
 c - a +0 buckler (worn)
 p - a +0 pair of gloves (worn)
Jewellery
 o - an amulet of guardian spirit (around neck)
Scrolls
 f - 3 scrolls of amnesia
 g - a scroll of poison
 j - a scroll of immolation
 l - 2 scrolls of identify
 m - a scroll of enchant armour
 n - 3 scrolls of teleportation
Potions
 d - 2 potions of might
 h - a potion of degeneration


   Skills:
 + Level 4.5 Fighting
 + Level 3.0 Long Blades
 + Level 2.6 Maces & Flails
 + Level 5.4 Armour
 + Level 1.8 Dodging
 + Level 0.1 Stealth
 + Level 4.9 Shields


You had 5 spell levels left.
You didn't know any spells.
Your spell library contained the following spells:

 Spells                   Type           Power      Damage    Failure   Level
 Gell's Gravitas          Tloc           0%         N/A       99%         3
 Teleport Other           Tloc           0%         N/A       99%         3
 Dispersal                Tloc           0%         N/A       100%        6


Dungeon Overview and Level Annotations

Branches:
Dungeon (4/15)
 Temple: D:4-7

Altars:
Ashenzari

Shops:
D:3 ?

Annotations:
D:4 Edmund


Innate Abilities, Weirdness & Mutations

You have a pair of horns on your head.
You reflexively headbutt those who attack you in melee.


Message History

The goblin hits you but does no damage. The hobgoblin closely misses you.
The hobgoblin hits you with a +0 club.
* * * LOW HITPOINT WARNING * * *
You bump into the stone wall.
The gnoll hits you but does no damage.
The goblin shoots a sling bullet.
The sling bullet misses you.
The sling bullet hits the gnoll but does no damage.
The gnoll hits you from afar with a +0 spear!
* * * LOW HITPOINT WARNING * * *
The hobgoblin hits you but does no damage.
The hobgoblin hits you with a +0 club.
* * * LOW HITPOINT WARNING * * *
The goblin hits you but does no damage.
You feel less invigorated.
You feel less confused. You block the gnoll's attack.
A gnoll comes into view. It is wielding a +0 whip.
The goblin shoots a sling bullet.
The sling bullet barely misses you.
The sling bullet hits the gnoll.
The hobgoblin hits you but does no damage.
The goblin hits you with a +0 club.
* * * LOW HITPOINT WARNING * * *
The hobgoblin hits you with a +0 club.
* * * LOW HITPOINT WARNING * * *
Items here: $ )) †.
The gnoll closely misses you. The gnoll hits you with a +0 spear.
* * * LOW HITPOINT WARNING * * *
The goblin barely misses you. The hobgoblin closely misses you.
The hobgoblin hits you but does no damage.
Things that are here:
a +0 sling; 7 gold pieces; a hobgoblin corpse You hit the gnoll.
The gnoll is poisoned.
You headbutt the gnoll!
You kill the gnoll!
The hobgoblin misses you.
Edmund the Younger comes into view.
He is wielding a +0 flail of pain.
The gnoll hits you from afar with a +0 spear.
* * * LOW HITPOINT WARNING * * *
The hobgoblin barely misses you. The goblin hits you with a +0 club.
* * * LOW HITPOINT WARNING * * *
You block the hobgoblin's attack. The gnoll hits you with a +0 spear.
You die...

...
...
...
...
@.##'#
....#
..g#
.g#
##g##
#g))#
#g@g#
#$g$#
#####


You could see 2 gnolls, 2 hobgoblins and 3 goblins.

Vanquished Creatures
  Natasha (thrice) (D:3)
  Terence (D:2)
  Robin (D:3)
  7 gnolls
  2 adders (D:2)
  A worm (D:2)
  5 ball pythons
  7 endoplasms
  3 giant cockroaches
  17 goblins
  11 hobgoblins
  2 jackals (D:1)
  8 kobolds
  3 quokkas
  4 bats
  2 frilled lizards
  6 rats
83 creatures vanquished.

Notes
Turn   | Place    | Note
-------+----------+-------------------------------------------
     0 | D:1      | Fodor the Minotaur Fighter began the quest for the Orb.
     0 | D:1      | Reached XP level 1. HP: 19/19 MP: 0/0
   251 | D:1      | Reached XP level 2. HP: 27/27 MP: 1/1
   546 | D:1      | Reached skill level 4 in Armour
   793 | D:1      | Reached XP level 3. HP: 33/33 MP: 2/2
  1247 | D:2      | Noticed Terence
  1250 | D:2      | Killed Terence
  1251 | D:2      | Reached XP level 4. HP: 40/40 MP: 3/3
  1583 | D:3      | Noticed Natasha
  1587 | D:3      | Killed Natasha
  1588 | D:3      | Reached skill level 1 in Maces & Flails
  1636 | D:3      | Found Jekid's Magic Scroll Shop.
  1639 | D:3      | Bought a scroll of identify for 20 gold pieces
  1639 | D:3      | Bought a scroll of identify for 20 gold pieces
  1639 | D:3      | Bought a scroll of identify for 20 gold pieces
  1782 | D:3      | Reached skill level 1 in Dodging
  2017 | D:3      | Reached XP level 5. HP: 26/47 MP: 1/4
  2057 | D:3      | Reached skill level 5 in Armour
  2125 | D:3      | Noticed Robin
  2132 | D:3      | Killed Robin
  2171 | D:3      | Noticed Natasha
  2177 | D:3      | Killed Natasha
  2213 | D:3      | Found a broken altar of Ashenzari.
  2270 | D:3      | Noticed Natasha
  2279 | D:3      | Killed Natasha
  2414 | D:4      | Reached XP level 6. HP: 5/53 MP: 2/5
  2414 | D:4      | HP: 2/53 [hobgoblin/+0 club (3)]
  2422 | D:4      | Noticed Edmund
  2422 | D:4      | HP: 2/53 [goblin/+0 club (1)]
  2423 | D:4      | Slain by a gnoll

Illustrated notes

Levels and vault maps discovered:
D:1:      giann_wishing_wells, layout_basic, bh_walls_and_bars
D:2:      layout_basic, amcnicky_mini_pool_small, minmay_circle_x, uniq_terence
D:3:      layout_loops_ring, lemuel_round_altar, serial_shops,
          nicolae_shop_trees, uniq_natasha, uniq_robin
D:4:      minmay_goblin_kobold_castle, layout_basic,
          mainiacjoe_overflow_surrounded_room, serial_bayou_lagoon_a,
          uniq_edmund

Skill      XL: |  1  2  3  4  5 |
---------------+----------------+-----
Fighting       | 4 |  4.5
Shields        | 4 |  4.9
Armour         | 4 5 |  5.4
Long Blades    | 3 |  3.0
Maces & Flails | 1 2 |  2.6
Dodging        | 1 |  1.8
Stealth        | |  0.1

Action                     |  1- 3 |  4- 6 || total
---------------------------+-------+-------++-------
  Melee: Long sword        |    14 |       ||    14
         Whip              |    71 |    56 ||   127
         Headbutt          |    15 |    11 ||    26
    Use: Scroll            |       |     8 ||     8
         Potion            |       |     3 ||     3
 Armour: Scale mail        |    61 |    34 ||    95
  Dodge: Dodged            |    46 |    60 ||   106
  Block: Buckler           |    22 |    21 ||    43
